 Dungeon Crawl Stone Soup version 0.31-a0-1237-gabc64e778c (webtiles) character file.

Game seed: 15951278023828431540

1305 backslashecho the Magician (level 8, -2/46 HPs)
             Began as an Octopode Air Elementalist on Dec 15, 2023.
             Was a Believer of Vehumet.
             Killed by their own static electricity (3 damage)
             ... on level 6 of the Dungeon.
             The game lasted 00:18:09 (7645 turns).

backslashecho the Magician (OpAE)                   Turns: 7645, Time: 00:18:10

Health: -2/46      AC:  1    Str:  7    XL:     8   Next: 57%
Magic:  13/24      EV: 12    Int: 20    God:    Vehumet [**....]
Gold:   341        SH:  5    Dex: 12    Spells: 6/17 levels left

rFire   + + .        a - staff of fire
rCold   . . .        g - +0 buckler
rNeg    . . .        (helmet restricted)
rPois   .            (no amulet)
rElec   .            q - ring of magical power
rCorr   .            o - ring of protection from fire
SInv    .            (no ring)
Will    .....        (no ring)
Stlth   +++          (no ring)
HPRegen 0.27/turn    (no ring)
MPRegen 0.19/turn    (no ring)
                     (no ring)

%: no passive effects
@: very slightly contaminated
A: almost no armour, amphibious, 8 rings, camouflage 1, gelatinous body 1,
(nimble swimmer 1), tentacles
a: Renounce Religion


You were on level 6 of the Dungeon.
You worshipped Vehumet.
Vehumet was pleased with you.
You visited 1 branch of the dungeon, and saw 6 of its levels.

You collected 341 gold pieces.

Inventory:

Hand Weapons
 b - a +1 whip of draining
Missiles
 h - 48 poisoned darts
Armour
 g - a +0 buckler (worn)
Magical Staves
 a - a staff of fire (weapon)
Jewellery
 o - a ring of protection from fire (right tentacle)
 q - a ring of magical power (left tentacle)
Wands
 p - a wand of flame (14)
 r - a wand of light (1)
Scrolls
 d - 2 scrolls of vulnerability
 e - a scroll of poison {unknown}
 f - a scroll of identify
 i - a scroll of fog {unknown}
 m - 2 scrolls of immolation {unknown}
 s - a scroll of brand weapon
 t - a scroll of blinking {unknown}
Potions
 c - a potion of magic
 j - a potion of mutation


   Skills:
 - Level 2.0 Dodging
 - Level 4.0 Stealth
 + Level 5.0 Shields
 + Level 5.2 Spellcasting
 - Level 5.0 Conjurations
 + Level 0.7 Translocations
 - Level 5.0 Air Magic


You had 6 spell levels left.
You knew the following spells:

 Your Spells              Type           Power      Damage    Failure   Level
a - Magic Dart            Conj           100%       1d8       2%          1
b - Blink                 Tloc           16%        N/A       19%         2
c - Static Discharge      Conj/Air       50%        3-6/arc   3%          2
d - Searing Ray           Conj           50%        2d6       3%          2
f - Shock                 Conj/Air       100%       1d9       2%          1
n - Swiftness             Air            25%        N/A       7%          3

Your spell library contained the following spells:

 Spells                   Type           Power      Damage    Failure   Level
 Lesser Beckoning         Tloc           16%        N/A       19%         2
 Airstrike                Air            12%        2d(2-18)  22%         4
 Gell's Gravitas          Tloc           8%         N/A       36%         3
 Teleport Other           Tloc           8%         N/A       36%         3
 Manifold Assault         Tloc           8%         N/A       77%         4


Dungeon Overview and Level Annotations

Branches:
Dungeon (6/15)
 Temple: D:4-7

Altars:
Dithmenos
Fedhas
Okawaru
Vehumet
Wu Jian
The Shining One

Annotations:
D:2 Sigmund


Innate Abilities, Weirdness & Mutations

You cannot wear most types of armour.
You are amphibious.
You can wear up to eight rings at the same time.
Your skin changes colour to match your surroundings (Stealth+).
Your rubbery body absorbs attacks. (AC +1, EV +1)
((You are camouflaged when in or above water. (Stealth+)))
You have tentacles for arms and can constrict up to eight enemies at once.


Message History

Vehumet accepts your kill.
You feel your power returning.
The lightning grounds out.
Your attacks no longer feel as feeble.
* * * LOW HITPOINT WARNING * * *
You feel very sick.
You take 6 damage, and have 10/46 hp.
You now have 17/24 mp.
Casting: Static Discharge (safe; 3% risk of failure)
Confirm with . or Enter, or press ? or * to list all spells.
The white imp is struck by an arc of lightning.
You kill the white imp!
Vehumet accepts your kill.
You feel your power returning.
You are struck by an arc of lightning.
* * * LOW HITPOINT WARNING * * *
x2 You feel sick.
Your Shields skill increases to level 5!
You take 3 damage, and have 7/46 hp.
You now have 16/24 mp.
Aiming: Shock (safe; 2% risk of failure)
Press: ? - help, Q - select action, (/) - cycle Shift-Dir - straight line The zap hits the ufetubus.
The ufetubus is almost dead.
The zap hits the iguana!
The iguana is heavily wounded.
The zap misses the gnoll.
The zap hits the gnoll!
The gnoll is heavily wounded.
* * * LOW HITPOINT WARNING * * *
You feel sick. The ufetubus closely misses you. The ufetubus hits you.
* * * LOW HITPOINT WARNING * * *
You take 4 damage, and have 3/46 hp.
You now have 15/24 mp.
Unknown command.
You feel better. The ufetubus slips past you! The ufetubus closely misses you.
The ufetubus hits you.
* * * LOW HITPOINT WARNING * * *
The gnoll bouda barks out a call to the hunt!
The gnoll picks up the pace!
The ufetubus hits you.
* * * LOW HITPOINT WARNING * * *
The ufetubus hits you.
* * * LOW HITPOINT WARNING * * *
You take 2 damage, and have 1/46 hp.
Okay, then.
Unknown command.
Unknown command.
Unknown command.
Casting: Shock (safe; 2% risk of failure)
Confirm with . or Enter, or press ? or * to list all spells.
The ufetubus is struck by an arc of lightning.
You kill the ufetubus!
Vehumet accepts your kill.
You are struck by an arc of lightning.
You die...

.. #.#
.8. #.#
.... #.#
...g.##.#
#g5.g.+
#g# # #.#
# #l# #
#@# #.#
#.#
#.#####
#.....#
#####.#
#.# #.#
#.#


You could see a gnoll bouda, an iguana and a gnoll (swift).

Vanquished Creatures
  A water moccasin (D:5)
  A black bear (D:5)
  2 centaurs (D:5)
  2 phantoms
  A kobold brigand (D:4)
  2 scorpions
  2 hounds
  A jelly (D:5)
  A gnoll bouda (D:5)
  2 orc priests
  An orc wizard (D:3)
  Terence (D:2)
  Natasha (twice) (D:4)
  An iguana (D:5)
  Ijyb (D:4)
  5 gnolls (D:5)
  5 adders
  2 white imps
  2 ufetubi (D:6)
  2 worms
  13 dart slugs
  11 orcs
  7 ball pythons
  5 endoplasms
  7 giant cockroaches
  11 goblins
  11 hobgoblins
  2 jackals (D:4)
  30 kobolds
  4 quokkas
  6 bats
  4 frilled lizards
  7 rats
155 creatures vanquished.

Notes
Turn   | Place    | Note
-------+----------+-------------------------------------------
     0 | D:1      | backslashecho the Octopode Air Elementalist began the quest
                  | for the Orb.
     0 | D:1      | Reached XP level 1. HP: 11/11 MP: 3/3
   276 | D:1      | Reached XP level 2. HP: 4/17 MP: 0/5
   696 | D:1      | Reached XP level 3. HP: 21/21 MP: 3/6
  1351 | D:2      | Noticed Sigmund
  1697 | D:2      | Noticed Terence
  1706 | D:2      | Found a radiant altar of Vehumet.
  2175 | D:2      | Killed Terence
  2176 | D:2      | Reached XP level 4. HP: 27/27 MP: 1/7
  2456 | D:2      | Became a worshipper of Vehumet
  2821 | D:3      | Reached XP level 5. HP: 28/31 MP: 2/8
  3305 | D:3      | Reached * piety under Vehumet
  3305 | D:3      | Offered knowledge of Magic Dart by Vehumet.
  3306 | D:3      | Reached skill level 1 in Shields
  3578 | D:3      | Learned a level 1 spell: Magic Dart
  4060 | D:3      | Learned a level 2 spell: Blink
  4063 | D:3      | Learned a level 2 spell: Static Discharge
  4288 | D:4      | Reached XP level 6. HP: 25/36 MP: 1/10
  4468 | D:4      | Noticed Ijyb
  4495 | D:4      | Killed Ijyb
  5276 | D:4      | Reached XP level 7. HP: 36/41 MP: 4/12
  5378 | D:4      | Found a glowing golden altar of the Shining One.
  5425 | D:4      | Noticed Natasha
  5443 | D:4      | Killed Natasha
  5516 | D:4      | You fall into a shaft and drop 1 floor!
  5516 | D:5      | Entered Level 5 of the Dungeon
  5749 | D:4      | Noticed Natasha
  5755 | D:4      | Killed Natasha
  6099 | D:5      | Reached skill level 5 in Conjurations
  6478 | D:5      | Learned a level 3 spell: Swiftness
  6479 | D:5      | Found an iron altar of Okawaru.
  6479 | D:5      | Found a blossoming altar of Fedhas.
  6479 | D:5      | Found a shadowy altar of Dithmenos.
  6482 | D:5      | Reached skill level 5 in Air Magic
  6483 | D:5      | Found an ornate altar of the Wu Jian Council.
  6529 | D:5      | Reached XP level 8. HP: 9/46 MP: 5/14
  6704 | D:4      | Reached ** piety under Vehumet
  6704 | D:4      | Offered knowledge of Searing Ray by Vehumet.
  6713 | D:4      | Learned a level 2 spell: Searing Ray
  7264 | D:5      | Reached skill level 5 in Spellcasting
  7643 | D:6      | Reached skill level 5 in Shields
  7644 | D:6      | HP: 1/46 [ufetubus (3)]
  7645 | D:6      | Killed from afar by themself

Illustrated notes

Levels and vault maps discovered:
D:1:      tekkud_arrival_beachfront_property, layout_rooms, corexii_corridor_pit
D:2:      kennysheep_six_static_rooms, layout_loops_ring, basic_altar,
          uniq_sigmund, uniq_terence
D:3:      kennysheep_slugbush, layout_basic
D:4:      kennysheep_kobold_camp, layout_basic, tso_oasis_becter,
          kennysheep_orc_chapel, uniq_natasha, uniq_ijyb
D:5:      layout_rooms, minitemple
D:6:      layout_basic, nicolae_ru_great_annihilating_truth,
          minmay_temple_entry_fiery, st_stairs_1

Skill      XL: |  1  2  3  4  5  6  7  8 |
---------------+-------------------------+-----
Stealth        | 3 4 |  4.0
Conjurations   | 2 3 4 5 |  5.0
Shields        | 1 2 3 5 |  5.0
Spellcasting   | 3 4 5 |  5.2
Air Magic      | 4 5 |  5.0
Dodging        | |  2.0
Translocations | |  0.7

Action                     |  1- 3 |  4- 6 |  7- 9 || total
---------------------------+-------+-------+-------++-------
  Melee: Dagger            |    11 |    10 |     6 ||    27
         Tentacles         |     3 |     1 |     1 ||     5
         Constrict         |     2 |     3 |     1 ||     6
         Staff             |       |       |     1 ||     1
   Cast: Shock             |    90 |   109 |    37 ||   236
         Magic Dart        |       |    50 |    55 ||   105
         Static Discharge  |       |     3 |    15 ||    18
         Searing Ray       |       |       |     1 ||     1
    Use: Scroll            |       |     7 |     1 ||     8
         Potion            |       |     1 |     1 ||     2
   Stab: Sleeping          |       |     1 |       ||     1
 Armour: Skin              |    18 |    20 |    62 ||   100
  Dodge: Dodged            |    17 |    18 |    35 ||    70
  Block: Buckler           |     1 |     6 |    12 ||    19

Table legend: (Time is in decaauts)
 A = Elapsed time spent in this place.
 B = Non-inter-level travel time spent in this place.
 C = Inter-level travel time spent in this place.
 D = Time resting spent in this place.
 E = Time spent auto-exploring this place.
 F = Levels seen in this place.
 G = Mean time per level.
                   A        B        C        D        E       F      G
               +--------+--------+--------+--------+--------+-----+--------+
         Total |   7658 |   7159 |    499 |   2284 |   3760 |   6 | 1276.3 |
       Dungeon |   7658 |   7159 |    499 |   2284 |   3760 |   6 | 1276.3 |
               +--------+--------+--------+--------+--------+-----+--------+

Top non-repeatable levels by time:
     D:4: 2035 daAuts
     D:3: 1671 daAuts
     D:5: 1310 daAuts
     D:1: 1300 daAuts
     D:2: 1298 daAuts
     D:6: 42 daAuts
